 Dungeon Crawl Stone Soup version 0.30-a0-222-ge547ba4400 (webtiles) character file.

Game seed: 15941598758710513955

31854 Morbidden the Spear-Bearer (level 13, -7/67 HPs)
             Began as a Vine Stalker Fighter on Oct 7, 2022.
             Was the Champion of Okawaru.
             Mangled by a 14-headed hydra (8 damage)
             ... on level 3 of the Lair of Beasts on Oct 8, 2022.
             The game lasted 00:22:30 (11944 turns).

Morbidden the Spear-Bearer (Vine Stalker Fighter)  Turns: 11944, Time: 00:22:30

Health: -7/67      AC: 16    Str: 35    XL:     13   Next: 60%
Magic:  0/22       EV: 13    Int:  9    God:    Okawaru [******]
Gold:   1329       SH:  0    Dex:  8    Spells: 14/23 levels left

rFire   . . .      SeeInvis .    J - +9 lajatang "Heedugif" {spect, Fly Str+8 Int-3 Dex-5}
rCold   + . .      Faith    .    (shield currently unavailable)
rNeg    . . .      Spirit   +    p - +0 plate armour
rPois   +          Reflect  .    (no helmet)
rElec   .          Harm     .    (no cloak)
rCorr   .          Rampage  .    z - +2 pair of gloves of the Bard {Regen+ Slay+2}
Will    +....                    (no boots)
Stlth   ..........               (no amulet)
HPRegen 1.91/turn                l - ring of Qaakk {rPois rC+ EV+4}
MPRegen 0.18/turn                P - +6 ring of strength

@: flying
A: fangs 3, regeneration 1, magic shield, antimagic bite, no potion heal 2
a: Renounce Religion, Heroism, Finesse, Duel


You were on level 3 of the Lair of Beasts.
You worshipped Okawaru.
Okawaru was exalted by your worship.
You visited 3 branches of the dungeon, and saw 15 of its levels.
You also visited: Bailey.

You collected 1329 gold pieces.

Inventory:

Hand Weapons
 a - a +7 vampiric broad axe
 b - a +5 flail of protection
 o - a +3 morningstar of holy wrath
 G - a +0 trident
 J - the +9 lajatang "Heedugif" (weapon) {spect, Fly Str+8 Int-3 Dex-5}
   (Okawaru gifted it to you on level 1 of the Lair of Beasts)

   When its wielder attacks, the weapon's spirit leaps out and strikes again.
   The spirit shares a part of any damage it takes with its wielder.
   Str:       It affects your strength (+8).
   Int:       It affects your intelligence (-3).
   Dex:       It affects your dexterity (-5).
   Fly:       It grants you flight.
 K - a +2 whip of holy wrath
Missiles
 w - 2 silver javelins (quivered)
 L - a throwing net
Armour
 p - a +0 plate armour (worn)
 z - the +2 pair of gloves of the Bard (worn) {Regen+ Slay+2}
   (You acquired it on level 9 of the Dungeon)

   Slay:      It affects your accuracy & damage with ranged weapons and melee
   (+2).
   Regen:     It increases your rate of health regeneration.
 A - a +0 troll leather armour
Jewellery
 l - the ring of Qaakk (left hand) {rPois rC+ EV+4}
   (You took it off a goblin on level 2 of the Dungeon)

   [ring of evasion]

   EV:        It affects your evasion (+4).
   rC:        It protects you from cold.
   rPois:     It protects you from poison.
 F - a ring of fire
 N - a ring of ice
 P - a +6 ring of strength (right hand)
 V - a ring of protection from cold
Wands
 c - a wand of charming (6)
 E - a wand of flame (21)
 I - a wand of digging (5)
 R - a wand of mindburst (14)
 T - a wand of iceblast (11)
Scrolls
 g - 2 scrolls of butterflies
 h - 3 scrolls of identify
 m - 4 scrolls of magic mapping
 r - 5 scrolls of blinking
 s - a scroll of noise
 t - 6 scrolls of fear
 u - 4 scrolls of amnesia
 y - 4 scrolls of teleportation
 B - 5 scrolls of enchant armour
 M - a scroll of immolation {unknown}
 O - a scroll of summoning
Potions
 d - 2 potions of might
 e - 5 potions of flight
 f - 4 potions of heal wounds
 i - 8 potions of curing
 j - 4 potions of attraction
 k - 2 potions of resistance
 n - a potion of invisibility
 q - 2 potions of brilliance
 v - 2 potions of mutation {unknown}
 x - 3 potions of lignification
 C - 2 potions of cancellation {unknown}
 D - a potion of haste {unknown}
 H - 3 potions of ambrosia {unknown}
 Q - a potion of magic {unknown}
 S - a potion of berserk rage {unknown}
Miscellaneous
 U - a phantom mirror


   Skills:
 * Level 7.3 Fighting
 * Level 7.0(9.6) Axes
 + Level 6.0(8.2) Maces & Flails
 * Level 8.1(9.9) Polearms
 * Level 5.0(8.3) Staves
 + Level 0.2 Throwing
 * Level 6.8 Armour
 * Level 5.0 Dodging
 + Level 2.9 Stealth
 * Level 6.6 Shields
 * Level 5.9 Spellcasting
 * Level 4.3 Conjurations
 * Level 0.4 Transmutations
 * Level 5.2 Earth Magic
 * Level 5.7 Invocations
 + Level 0.2 Evocations


You had 14 spell levels left.
You knew the following spells:

 Your Spells              Type           Power      Damage    Failure   Level
a - Stone Arrow           Conj/Erth      22%        3d8       52%         3
b - Statue Form           Tmut/Erth      4%         N/A       100%        6

Your spell library contained the following spells:

 Spells                   Type           Power      Damage    Failure   Level
 Sandblast                Erth           24%        2d8       16%         1
 Passwall                 Tmut/Erth      5%         N/A       54%         2
 Kindle Blastsparks       Fire/Tloc/Air  4%         2d10      99%         3
 Portal Projectile        Hex/Tloc       4%         N/A       99%         3
 Vhi's Electric Charge    Tloc/Air       4%         N/A       99%         3
 Fulminant Prism          Conj/Hex       3%         3d6       99%         4
 Iskenderun's Mystic Bla  Conj/Tloc      6%         2d4       99%         4
 Leda's Liquefaction      Hex/Erth       3%         N/A       99%         4
 Petrify                  Tmut/Erth      7%         N/A       99%         4
 Lee's Rapid Deconstruct  Erth           6%         3d7*      99%         5
 Arcjolt                  Conj/Air       3%         1d13      100%        5
 Metabolic Englaciation   Hex/Ice        1%         N/A       100%        5
 Maxwell's Capacitive Co  Air            1%         ∞         100%        8
 Call Canine Familiar     Summ           Unusable   N/A       N/A         3

Dungeon Overview and Level Annotations

Branches:
Dungeon (11/15)            Temple (1/1) D:6            Lair (3/5) D:9
 Shoals (0/4) Lair:2       Spider (0/4) Lair:2          Orc (0/2) D:10
 Bailey (visited)

Altars:
Ashenzari
Cheibriados
Dithmenos
Elyvilon
Fedhas
Gozag
Hepliaklqana
Kikubaaqudgha
Makhleb
Nemelex Xobeh
Okawaru
Qazlal
Ru
Sif Muna
Trog
Uskayaw
Vehumet
Wu Jian
Xom
Yredelemnul
Zin
The Shining One

Shops:
D:9 (![*   D:10 *

Annotations:
D:3 3 runed translucent doors, LetschGu's ghost, amateur TrFi
D:7 3 runed translucent doors, jehirs's ghost, novice HOMo


Innate Abilities, Weirdness & Mutations

You have razor-sharp teeth.
Your natural rate of healing is unusually fast.
When hurt, damage is shared between your health and your magic reserves.
Your bite disrupts and absorbs the magic of your enemies.
Potions cannot restore your health.


Message History

The 12-headed hydra bites you.
The 12-headed hydra bites you but does no damage.
The 12-headed hydra barely misses you.
The 12-headed hydra bites you but does no damage.
You hear a croak. x3
You are too injured to fight recklessly!
Unknown command.
You are too injured to fight recklessly!
Unknown command.
Unknown command.
You are too injured to fight recklessly!
Unknown command.
You are too injured to fight recklessly!
You are too injured to fight recklessly!
Unknown command.
You lop one of the 12-headed hydra's heads off!
The 11-headed hydra grows two more!
You slash the 13-headed hydra! Your bite misses the 13-headed hydra.
The 13-headed hydra is moderately wounded.
Your +9 lajatang "Heedugif" {spect, Fly Str+8 Int-3 Dex-5} hits the 13-headed hydra!
Your +9 lajatang "Heedugif" {spect, Fly Str+8 Int-3 Dex-5} chops one of the 13-headed hydra's heads off!
The 12-headed hydra grows two more!
You hear a croak.
A blink frog comes into view.
The 14-headed hydra closely misses you.
The 14-headed hydra bites you but does no damage.
The 14-headed hydra bites you. The 14-headed hydra misses you.
The 14-headed hydra bites you!
* * * LOW HITPOINT WARNING * * *
The 14-headed hydra bites you but does no damage.
The 14-headed hydra bites you!
* * * LOW HITPOINT WARNING * * *
The 14-headed hydra bites you but does no damage.
The 14-headed hydra bites you!
* * * LOW HITPOINT WARNING * * *
The 14-headed hydra barely misses you. The 14-headed hydra misses you.
The 14-headed hydra bites you.
* * * LOW HITPOINT WARNING * * *
The 14-headed hydra bites you!
You die...

### # P..... ..
..... ### ..... .
...## .. .... #...#
... ##....#. ##...
.... ......#
#P(D##..... #.....#
#>@.......
###....###
#..##.....
#........# ##..#
... .......# ###
#...# F .......#
#.####..##
.#.....####..#..^.#
##.##............##
#.####..........##
### #...........#


You could see a 14-headed hydra, a blink frog and a friendly +9 lajatang
"Heedugif" {spect, Fly Str+8 Int-3 Dex-5} (summoned).

Vanquished Creatures
  An orc warlord (Bailey)
  2 hydras
  A centaur warrior (D:10)
  4 two-headed ogres
  A boulder beetle (Lair:1)
  3 death yaks (Lair:2)
  4 skeletal warriors (D:11)
  A lindwurm (Lair:2)
  Pikel (D:7)
  A cyclops (D:11)
  9 elephants
  3 black mambas
  7 cane toads
  A rime drake (Lair:3)
  A kobold demonologist (D:11)
  3 komodo dragons
  2 trolls
  A hornet (D:11)
  2 jumping spiders (Lair:2)
  A vampire (D:9)
  A wyvern (Lair:2)
  17 yaks
  2 basilisks
  A steam dragon (D:9)
  A redback (Lair:2)
  5 vampire mosquitoes
  2 acid dragons
  10 water moccasins
  22 orc warriors
  2 ice beasts
  3 sky beasts
  3 black bears (Lair:1)
  2 ogres
  A lemure (D:7)
  7 centaurs
  17 wolves
  3 phantoms
  2 kobold brigands (D:9)
  11 bullfrogs
  A gnoll sergeant (D:6)
  3 scorpions
  A necrophage (D:6)
  4 killer bees (D:9)
  2 electric eels (D:9)
  3 howler monkeys (D:11)
  A crimson imp (D:5)
  A jelly (D:6)
  7 hounds
  A gnoll bouda (D:7)
  8 orc priests
  5 iguanas (D:6)
  7 orc wizards
  21 gnolls
  8 adders
  A shadow imp (D:6)
  2 white imps
  2 ufetubi
  A worm (D:2)
  4 dart slugs
  85 orcs
  3 ball pythons
  8 bats
  6 endoplasms
  4 giant cockroaches
  20 goblins
  11 hobgoblins
  4 jackals (D:4)
  2 quokkas
  7 frilled lizards
  20 kobolds
  6 rats
420 creatures vanquished.

Vanquished Creatures (others)
  9 fungi
  22 plants
31 creatures vanquished.

Grand Total: 451 creatures vanquished

Notes
Turn   | Place    | Note
-------+----------+-------------------------------------------
     0 | D:1      | Morbidden the Vine Stalker Fighter began the quest for the
                  | Orb.
     0 | D:1      | Reached XP level 1. HP: 11/11 MP: 2/2
   153 | D:1      | Reached XP level 2. HP: 16/16 MP: 3/3
   221 | D:1      | Reached skill level 2 in Polearms
   880 | D:2      | Reached XP level 3. HP: 19/19 MP: 4/4
  1175 | D:2      | Identified the ring of Qaakk {rPois rC+ EV+4}
  1320 | D:2      | Gained mutation: Your natural rate of healing is unusually
                  | fast. [Vine Stalker growth]
  1320 | D:2      | Reached XP level 4. HP: 24/24 MP: 6/6
  1386 | D:2      | Reached skill level 1 in Spellcasting
  1916 | D:3      | Reached skill level 3 in Polearms
  1918 | D:3      | Reached XP level 5. HP: 27/28 MP: 7/7
  1946 | D:3      | Found a blossoming altar of Fedhas.
  2022 | D:3      | Found a runed translucent gate.
  2029 | D:3      | Found a runed translucent gate.
  2029 | D:3      | Found a runed translucent gate.
  2029 | D:3      | Noticed a kobold brigand
  2029 | D:3      | Noticed LetschGu's ghost (amateur TrFi)
  2234 | D:3      | Identified the +1 robe "Eloboaru" {*Corrode +Inv rN++ MP-9}
  2245 | D:3      | Found a faded altar of an unknown god.
  2474 | D:4      | Reached skill level 1 in Stealth
  2535 | D:4      | Reached XP level 6. HP: 26/32 MP: 6/9
  2580 | D:4      | Reached skill level 1 in Dodging
  2607 | D:4      | Reached skill level 4 in Polearms
  2626 | D:4      | Reached XP level 7. HP: 37/37 MP: 10/10
  2888 | D:5      | Entered Level 5 of the Dungeon
  3033 | D:5      | Reached skill level 1 in Axes
  3033 | D:5      | Reached skill level 5 in Polearms
  3033 | D:5      | Gained mutation: You have razor-sharp teeth. [Vine Stalker
                  | growth]
  3033 | D:5      | Reached XP level 8. HP: 34/42 MP: 12/12
  3044 | D:5      | Found a shadowy altar of Dithmenos.
  3045 | D:5      | Found a white marble altar of Elyvilon.
  3244 | D:5      | Found a burning altar of Makhleb.
  3307 | D:5      | Reached skill level 1 in Maces & Flails
  3694 | D:6      | Learned a level 3 spell: Stone Arrow
  3739 | D:6      | Found a staircase to the Ecumenical Temple.
  3753 | Temple   | Entered the Ecumenical Temple
  3919 | Temple   | Became a worshipper of Warmaster Okawaru
  4008 | D:6      | Reached skill level 6 in Polearms
  4025 | D:6      | Reached XP level 9. HP: 43/46 MP: 12/14
  4045 | D:6      | Reached skill level 1 in Earth Magic
  4404 | D:7      | Reached skill level 1 in Invocations
  4464 | D:7      | Reached * piety under Okawaru
  4529 | D:7      | Reached skill level 1 in Conjurations
  4638 | D:7      | Noticed Pikel
  4652 | D:7      | Killed Pikel
  4694 | D:7      | Found a runed translucent gate.
  4694 | D:7      | Found a runed translucent gate.
  4694 | D:7      | Found a runed translucent gate.
  4903 | D:7      | Noticed jehirs's ghost (novice HOMo)
  5853 | D:8      | Reached ** piety under Okawaru
  5854 | D:8      | Reached skill level 5 in Fighting
  6343 | D:9      | Noticed a two-headed ogre
  6345 | D:9      | Found Hoadethreuhu's Antique Weapon Emporium.
  6360 | D:9      | Noticed a troll
  6374 | D:9      | Found Mewunueka's Distillery.
  6422 | D:9      | Reached XP level 10. HP: 10/51 MP: 4/16
  6437 | D:9      | Identified a scroll of acquirement
  6437 | D:9      | Acquired the +2 pair of gloves of the Bard {Regen+ Slay+2}
  6476 | D:9      | Killed a two-headed ogre
  6477 | D:9      | Reached skill level 5 in Armour
  6477 | D:9      | Reached skill level 5 in Shields
  6549 | D:9      | Found a flagged portal.
  6552 | D:9      | Noticed a two-headed ogre
  6565 | Bailey   | Entered a bailey
  6630 | Bailey   | Reached *** piety under Okawaru
  6861 | Bailey   | Noticed an orc warlord
  6887 | Bailey   | Killed an orc warlord
  6887 | Bailey   | Reached **** piety under Okawaru
  6888 | Bailey   | Reached XP level 11. HP: 28/56 MP: 12/18
  6916 | Bailey   | Reached skill level 5 in Maces & Flails
  6941 | Bailey   | Acquired a +3 morningstar of holy wrath
  7079 | D:9      | Killed a two-headed ogre
  7163 | D:9      | Found a staircase to the Lair.
  7242 | D:9      | Reached skill level 7 in Polearms
  7253 | D:9      | Found Fulocor's Armour Shoppe.
  7271 | D:9      | Found Gaul's General Store.
  7664 | D:10     | Entered Level 10 of the Dungeon
  7698 | D:10     | Found an ornate altar of the Wu Jian Council.
  7705 | D:10     | Noticed a two-headed ogre
  7712 | D:10     | Killed a two-headed ogre
  7712 | D:10     | Reached ***** piety under Okawaru
  7736 | D:10     | Received a gift from Okawaru
  7837 | D:10     | Noticed a centaur warrior
  7851 | D:10     | Killed a centaur warrior
  8101 | D:10     | Noticed a two-headed ogre
  8116 | D:10     | Killed a two-headed ogre
  8132 | D:10     | Found a snail-covered altar of Cheibriados.
  8332 | D:10     | Found Sumotare's General Store.
  8527 | D:10     | Found a staircase to the Orcish Mines.
  8781 | D:11     | Reached skill level 5 in Spellcasting
  8795 | D:11     | Reached skill level 5 in Axes
  8885 | D:11     | Reached XP level 12. HP: 45/60 MP: 13/20
  9106 | D:11     | Reached ****** piety under Okawaru
  9807 | Lair:1   | Entered Level 1 of the Lair of Beasts
  9816 | Lair:1   | Identified the +9 lajatang "Heedugif" {spect, Fly Str+8
                  | Int-3 Dex-5} (Okawaru gifted it to you on level 1 of the
                  | Lair of Beasts)
  9816 | Lair:1   | Received a gift from Okawaru
  9931 | Lair:1   | Reached skill level 5 in Invocations
  9939 | Lair:1   | Noticed a boulder beetle
  9953 | Lair:1   | Reached skill level 1 in Staves
  9962 | Lair:1   | Killed a boulder beetle
 10090 | Lair:1   | Received a gift from Okawaru
 10755 | Lair:2   | Reached XP level 13. HP: 54/65 MP: 17/22
 10821 | Lair:2   | Reached skill level 5 in Earth Magic
 10882 | Lair:2   | Reached skill level 8 in Polearms
 11204 | Lair:2   | Found a hole to the Spider Nest.
 11421 | Lair:2   | Learned a level 6 spell: Statue Form
 11530 | Lair:2   | Found a staircase to the Shoals.
 11544 | Lair:2   | You are sucked into a shaft and drop 1 floor!
 11548 | Lair:3   | Reached skill level 5 in Dodging
 11693 | Lair:3   | Received a gift from Okawaru
 11889 | Lair:3   | Reached skill level 5 in Staves
 11944 | Lair:3   | HP: 1/67 [14-headed hydra (4)]
 11944 | Lair:3   | Mangled by a 14-headed hydra

Illustrated notes

Levels and vault maps discovered:
D:1:      mrwooster_arrival_statue_3, layout_basic
D:2:      layout_loops_ring, minmay_fractal_squares_5
D:3:      layout_rooms, fedhas_ov_isle_minmay,
          dreamdust_ecumenical_altar_hidden_monk_grotto,
          gammafunk_ghost_nasty_kobolds
D:4:      layout_basic
D:5:      layout_rooms, makhleb_grotto_becter, nicolae_overflow_squiral
D:6:      layout_cave_pools, minmay_temple_entry_antechambers
D:7:      layout_basic, gammafunk_ghost_icy, uniq_pikel
D:8:      layout_loops_corners
D:9:      layout_cave_pools, erik_lair_island, enter_bailey_3, serial_shops,
          nicolae_shop_hallway_plus,
          nicolae_shop_temple_entry_statues_fountains, nicolae_shop_waterfront,
          shop, serial_rivers, chequers_serial_rivers_marsh,
          chequers_serial_rivers_large_b, chequers_serial_rivers_small_b,
          chequers_serial_rivers_room_b, chequers_serial_rivers_micro_b,
          chequers_serial_rivers_room_b
D:10:     layout_loops_ring, overflow_temple_1_default,
          mainiacjoe_overflow_paths, hiddenorc1_lemuel, special_room
          [special_room_orc], serial_shops, nicolae_take_the_stairs
D:11:     layout_loops_ring, minmay_microvault
Temple:   nicolae_temple_elliptical
Lair:1:   layout_loops_ring, beast_lair_carwin_3, grunt_megastairs_1
Lair:2:   layout_cellular_growth, minmay_shoals_entry_centaurs,
          spider_nest_entry_a, serial_rivers, chequers_serial_rivers_room_a,
          chequers_serial_rivers_micro_e, chequers_serial_rivers_micro_e,
          chequers_serial_rivers_small_a, chequers_serial_rivers_micro_e
Lair:3:   hellmonk_ruined_rings, layout_gridlike

Skill      XL: |  1  2  3  4  5  6  7  8  9 10 11 12 13 |
---------------+----------------------------------------+-----
Polearms       | 2 3 4 5 6 7 8 |  8.1
Shields        | 3 4 5 6 |  6.6
Fighting       | 3 4 5 6 7 |  7.3
Spellcasting   | 1 2 3 4 5 |  5.9
Stealth        | 1 2 |  2.9
Armour         | 3 4 5 6 |  6.8
Dodging        | 1 2 3 4 5 |  5.0
Axes           | 1 2 3 5 6 7 |  7.0
Maces & Flails | 1 3 4 5 6 |  6.0
Earth Magic    | 2 3 4 5 |  5.2
Invocations    | 2 3 4 5 |  5.7
Conjurations   | 1 2 3 4 |  4.3
Staves         | 3 5 |  5.0
Throwing       | |  0.2
Transmutations | |  0.4
Evocations     | |  0.2

Action                   |  1- 3 |  4- 6 |  7- 9 | 10-12 | 13-15 || total
-------------------------+-------+-------+-------+-------+-------++-------
Melee: Trident           |   103 |   154 |   334 |       |       ||   591
       Bite              |    19 |    27 |   115 |   163 |    31 ||   355
       Whip              |       |     5 |     9 |       |       ||    14
       Flail             |       |       |   154 |   175 |       ||   329
       Broad axe         |       |       |       |   264 |       ||   264
       Lajatang          |       |       |       |    60 |    90 ||   150
Throw: Javelin           |       |       |       |     1 |       ||     1
Invok: Heroism           |       |       |       |     9 |     1 ||    10
       Finesse           |       |       |       |       |     1 ||     1
Evoke: Wand              |       |       |     3 |     3 |       ||     6
  Use: Scroll            |       |       |     7 |    16 |       ||    23
       Potion            |       |       |     3 |     2 |       ||     5
 Stab: Invisible         |       |       |     1 |     3 |       ||     4
       Distracted        |       |       |       |     1 |     1 ||     2
Armor: Scale mail        |    34 |       |       |       |       ||    34
       Chain mail        |     8 |    12 |       |       |       ||    20
       Plate armour      |       |    52 |   317 |   258 |    72 ||   699
Dodge: Dodged            |    43 |    58 |   210 |   261 |   103 ||   675
Block: Buckler           |    24 |    36 |    52 |       |       ||   112
       Kite shield       |       |       |   131 |   287 |       ||   418

Table legend: (Time is in decaauts)
 A = Elapsed time spent in this place.
 B = Non-inter-level travel time spent in this place.
 C = Inter-level travel time spent in this place.
 D = Time resting spent in this place.
 E = Time spent auto-exploring this place.
 F = Levels seen in this place.
 G = Mean time per level.
                   A        B        C        D        E       F      G
               +--------+--------+--------+--------+--------+-----+--------+
         Total |  12267 |  11540 |    727 |     62 |   8432 |  16 |  766.7 |
       Dungeon |   9404 |   8716 |    688 |     33 |   6478 |  11 |  854.9 |
        Temple |    175 |    167 |      8 |      0 |    134 |   1 |  175.0 |
          Lair |   2138 |   2107 |     31 |     29 |   1702 |   3 |  712.7 |
        Bailey |    548 |    548 |      0 |      0 |    118 |   1 |  548.0 |
               +--------+--------+--------+--------+--------+-----+--------+

Top non-repeatable levels by time:
    D:10: 1149 daAuts
     D:7: 1133 daAuts
    D:11: 1055 daAuts
     D:2: 1003 daAuts
  Lair:2: 916 daAuts
     D:9: 902 daAuts
     D:8: 883 daAuts
     D:1: 825 daAuts
  Lair:1: 823 daAuts
     D:5: 688 daAuts
     D:6: 652 daAuts
     D:3: 582 daAuts
  Bailey: 548 daAuts
     D:4: 529 daAuts
  Lair:3: 399 daAuts
